 Dungeon Crawl Stone Soup version 0.29.0-15-g675c0067aa (webtiles) character file.

Game seed: 1486702159439625123

41679 xian the Covert (level 13, -2/67 HPs)
             Began as a Spriggan Conjurer on Sept 12, 2022.
             Was a High Priest of Fedhas.
             Slain by a spriggan rider
             ... wielding the +5 spear of Eternal Vigilance {vorpal, rPois Stlth+}
              (3 damage)
             ... on level 5 of the Lair of Beasts.
             The game lasted 01:14:25 (22439 turns).

xian the Covert (Spriggan Conjurer)                Turns: 22439, Time: 01:14:26

Health: -2/67      AC:  4    Str:  3    XL:     13   Next: 81%
Magic:  26/32      EV: 22    Int: 25    God:    Fedhas [*****.]
Gold:   1388       SH:  0    Dex: 13    Spells: 25/40 levels left

rFire   + . .      SeeInvis +   N - +12 pair of quick blades "Gyre" and "Gimble" {protect}
rCold   + . .      Faith    .   (shield currently unavailable)
rNeg    . . .      Spirit   .   M - +2 robe {rC+ rF+}
rPois   +          Reflect  .   (helmet restricted)
rElec   .          Harm     .   H - scarf {shadows}
rCorr   .          Rampage  .   (gloves unavailable)
Will    ++...                   (boots unavailable)
Stlth   +++++++...              B - amulet of Summertime {RegenMP Slay+2 Stlth+}
HPRegen 0.21/turn               V - +4 ring of slaying
MPRegen 0.63/turn               I - ring of poison resistance

@: studying Polearms, very quick
A: very small, no large weapons, unfitting armour, see invisible, speed 3
a: Renounce Religion, Wall of Briars, Grow Ballistomycete, Overgrow, Grow Oklob


You were on level 5 of the Lair of Beasts.
You worshipped Fedhas.
Fedhas was extremely pleased with you.
You visited 2 branches of the dungeon, and saw 16 of its levels.
You also visited: Sewer and Ice Cave.

You collected 1444 gold pieces.
You spent 56 gold pieces at shops.

Inventory:

Hand Weapons
 N - the +12 pair of quick blades "Gyre" and "Gimble" (weapon) {protect}
   (You found it on level 10 of the Dungeon)

   It grants its wielder temporary protection when it strikes (+7 to AC).
Missiles
 L - 2 throwing nets
Armour
 a - a +0 troll leather armour
 j - +0 storm dragon scales
 H - a scarf of shadows (worn)
 M - a +2 robe of resistance (worn)
Jewellery
 o - a +6 ring of strength
 u - a ring of wizardry
 B - the amulet of Summertime (around neck) {RegenMP Slay+2 Stlth+}
   (You acquired it on level 5 of the Lair of Beasts)

   [amulet of magic regeneration]

   It increases your rate of magic regeneration.
   Slay:      It affects your accuracy & damage with ranged weapons and melee
   (+2).
   Stlth:     It makes you more stealthy.
 I - a ring of poison resistance (right hand)
 O - a ring of ice
 P - an amulet of reflection
 V - a +4 ring of slaying (left hand)
Wands
 t - a wand of digging (11)
 v - a wand of polymorph (16)
 w - a wand of paralysis (21)
 F - a wand of iceblast (12)
 Q - a wand of quicksilver (7)
 S - a wand of flame (15)
Scrolls
 d - 3 scrolls of enchant armour
 g - 3 scrolls of fog
 k - 2 scrolls of vulnerability
 l - 5 scrolls of fear
 m - 3 scrolls of poison
 n - 6 scrolls of amnesia
 p - 4 scrolls of teleportation
 s - 2 scrolls of immolation
 x - 2 scrolls of silence
 y - 2 scrolls of magic mapping
 C - 4 scrolls of enchant weapon
 U - 2 scrolls of summoning {unknown}
Potions
 b - 3 potions of magic
 c - 4 potions of flight
 e - 7 potions of mutation {unknown}
 h - 11 potions of curing
 i - 7 potions of lignification {unknown}
 q - 3 potions of haste
 r - 6 potions of brilliance
 z - 4 potions of might {unknown}
 A - a potion of ambrosia
 G - 3 potions of heal wounds {unknown}
 J - 3 potions of invisibility {unknown}
 K - a potion of berserk rage {unknown}


   Skills:
 * Level 7.1 Fighting
 + Level 9.5 Short Blades
 + Level 10.9 Dodging
 + Level 14.5 Stealth
 + Level 2.1 Shields
 + Level 14.2 Spellcasting
 + Level 9.6 Conjurations
 + Level 1.9 Hexes
 + Level 2.8 Translocations
 + Level 1.6 Invocations
 + Level 0.8 Evocations


You had 25 spell levels left.
You knew the following spells:

 Your Spells              Type           Power      Damage    Failure   Level
a - Magic Dart            Conj           100%       1d8       1%          1
b - Searing Ray           Conj           100%       2d8       1%          2
c - Ensorcelled Hibernat  Hex/Ice        44%        N/A       3%          2
d - Iskenderun's Mystic   Conj/Tloc      49%        2d11      2%          4
e - Passwall              Tmut/Erth      14%        N/A       4%          2
f - Fulminant Prism       Conj/Hex       23%        3d13      3%          4

Your spell library contained the following spells:

 Spells                   Type           Power      Damage    Failure   Level
 Conjure Flame            Conj/Fire      42%        6-21      1%          3
 Dazzling Flash           Conj/Hex       92%        N/A       1%          3
 Freeze                   Ice            68%        1d8       3%          1
 Hailstorm                Conj/Ice       42%        3d10      4%          4
 Sticky Flame             Conj/Fire      42%        2d6       4%          4
 Inner Flame              Hex/Fire       22%        N/A       6%          3
 Frozen Ramparts          Ice            34%        1d6       10%         3
 Ignite Poison            Fire/Tmut/Pois 17%        N/A       10%         3
 Spider Form              Tmut/Pois      17%        N/A       10%         3
 Swiftness                Air            17%        N/A       10%         3
 Lightning Bolt           Conj/Air       21%        1d36      12%         5
 Cause Fear               Hex            13%        N/A       14%         4
 Anguish                  Hex/Necr       11%        N/A       22%         4
 Leda's Liquefaction      Hex/Erth       11%        N/A       22%         4
 Airstrike                Air            8%         2d(2-18)  32%         4
 Ice Form                 Ice/Tmut       17%        N/A       32%         4
 Summon Ice Beast         Ice/Summ       17%        N/A       32%         4
 Summon Lightning Spire   Summ/Air       17%        N/A       32%         4
 Lee's Rapid Deconstruct  Erth           8%         3d8*      65%         5
 Statue Form              Tmut/Erth      11%        N/A       99%         6
 Discord                  Hex            13%        N/A       100%        8


Dungeon Overview and Level Annotations

Branches:
Dungeon (11/15)            Temple (0/1) D:4            Lair (5/5) D:10
 Shoals (0/4) Lair:3        Snake (0/4) Lair:2        Slime (0/5) Lair:5
  Sewer (visited)           IceCv (visited)
    Orc: D:9-12

Altars:
Fedhas
Sif Muna
Trog
Vehumet
Zin
The Shining One

Shops:
D:2 *


Innate Abilities, Weirdness & Mutations

You are very small and have problems with some larger weapons.
You are too small for most types of armour.
You have supernaturally acute eyesight. (SInv)
You cover ground extremely quickly. (Speed+++)


Message History

Fedhas appreciates your contribution to the ecosystem. (Press . to maintain the ray.)
You are too injured to fight recklessly!
Aiming: Magic Dart (safe; 1% risk of failure)
Press: ? - help, Q - select action, (/) - cycle Shift-Dir - straight line, f - cane toad
Aim: a cane toad (heavily wounded, summoned, confused, ally target, 100% to hit)
The magic dart hits the cane toad.
The cane toad is severely wounded.
Your ballistomycete disappears in a puff of smoke!
Aiming: Magic Dart (safe; 1% risk of failure)
Press: ? - help, Q - select action, (/) - cycle Shift-Dir - straight line, f/p - cane toad
Aim: a cane toad (heavily wounded, summoned, confused, 100% to hit)
The magic dart hits the cane toad.
The cane toad is severely wounded.
The spriggan rider shouts!
Aiming: Magic Dart (safe; 1% risk of failure)
Press: ? - help, Q - select action, (/) - cycle Shift-Dir - straight line, f - spriggan rider
Aim: a spriggan rider, wielding the +5 spear of Eternal Vigilance {vorpal, rPois Stlth+} (100% to hit)
The magic dart hits the spriggan rider!
The spriggan rider is lightly wounded.
Aiming: Magic Dart (safe; 1% risk of failure)
Press: ? - help, Q - select action, (/) - cycle Shift-Dir - straight line, f/p - spriggan rider
Aim: a spriggan rider, wielding the +5 spear of Eternal Vigilance {vorpal, rPois Stlth+} (lightly wounded, 100% to hit)
The magic dart hits the spriggan rider.
The spriggan rider is lightly wounded.
The spriggan rider completely misses you.
Casting: Magic Dart (safe; 1% risk of failure)
Confirm with . or Enter, or press ? or * to list all spells.
Aiming: Searing Ray (safe; 1% risk of failure)
Press: ? - help, Shift-Dir - straight line, f - cane toad, p - spriggan rider
Aim: a cane toad (severely wounded, summoned, confused, 96% to hit)
The searing ray hits the spriggan rider!
The spriggan rider is moderately wounded.
The searing ray hits the cane toad.
The cane toad is severely wounded. (Press . to maintain the ray.)
The spriggan rider hits you from afar with the +5 spear of Eternal Vigilance {vorpal, rPois Stlth+}!!
* * * LOW HITPOINT WARNING * * *
You die...
Fedhas appreciates your contribution to the ecosystem.

.####♣♣♣#...........P#
## ♣..#...........## #
♣##...........# #
♣#⌠...........# # ..
♣♣#i....)......## #
...♣.F*P)..........# #
.♣...#g.F.[........## #
.....#⌠°.g..i.......# #
♣.♣♣.##..#.###@....## #
♣♣ ♣♣.###### ##...P# ♣♣
#....## ##### #....##
##...# ##.....## #
##....## ##.......#
###......#####P.....P##
....................P#
.........[..........##


You could see a spriggan rider, a cane toad (summoned, confused) and a boggart
(confused).

Vanquished Creatures
  The ghost of Jeban the Spear-Bearer, a journeyman OpFi of Gozag (Lair:5)
  A hydra (D:11)
  3 catoblepae (Lair:5)
  11 death yaks
  3 two-headed ogres
  A tengu warrior (D:11)
  Nergalle (Lair:3)
  2 ugly things
  6 black mambas
  An elephant (D:10)
  2 manticores (Lair:5)
  A merfolk siren (Lair:3)
  3 ice statues (IceCv)
  A torpor snail (Lair:3)
  4 cane toads
  4 rime drakes
  A freezing wraith (IceCv)
  4 komodo dragons
  A troll (D:10)
  2 polar bears
  A hornet (Lair:5)
  23 blink frogs
  Sigmund (D:5)
  3 spriggans
  43 yaks
  A vampire (D:11)
  A wyvern (Lair:2)
  A shadow (D:10)
  Eustachio (D:6)
  A dire elephant simulacrum (IceCv)
  2 death yak simulacra (IceCv)
  4 basilisks
  Menkaure (D:6)
  4 nagas
  A hydra simulacrum (IceCv)
  13 water moccasins
  A sky beast (D:7)
  An ogre (D:4)
  4 orc warriors
  2 black bears
  An ice beast (D:5)
  2 wolves (Lair:1)
  3 centaurs
  6 kobold brigands
  A phantom (D:5)
  9 bullfrogs
  3 gnoll sergeants
  3 necrophages
  5 scorpions
  A cane toad simulacrum (IceCv)
  10 wights
  2 elephant simulacra (IceCv)
  4 howler monkeys
  4 jellies
  4 electric eels (D:10)
  A lava snake (D:8)
  2 gnoll boudas
  4 hounds
  5 orc priests
  Jessica (D:3)
  3 iguanas
  8 orc wizards
  A statue (D:10)
  A wolf simulacrum (IceCv)
  25 gnolls
  9 adders
  2 river rats (Sewer)
  A shadow imp (D:5)
  A white imp (D:7)
  2 ufetubi
  5 worms
  29 orcs
  6 ball pythons
  7 endoplasms
  2 giant cockroaches
  6 goblins
  4 hobgoblins
  6 jackals
  3 quokkas
  4 frilled lizards
  33 kobolds
  14 rats
  2 ballistomycete spores (Lair:5)
407 creatures vanquished.

Vanquished Creatures (collateral kills)
  A yak (Lair:5)
  A wolf (D:10)
  6 ballistomycete spores (Lair:5)
8 creatures vanquished.

Vanquished Creatures (others)
  A ballistomycete spore (Lair:5)
  A bush (Lair:2)
  4 fulminant prisms (Lair:5)
  17 fungi
  63 plants
86 creatures vanquished.

Grand Total: 501 creatures vanquished

Notes
Turn   | Place    | Note
-------+----------+-------------------------------------------
     0 | D:1      | xian the Spriggan Conjurer began the quest for the Orb.
     0 | D:1      | Reached XP level 1. HP: 9/9 MP: 5/5
   335 | D:1      | Reached XP level 2. HP: 13/13 MP: 0/6
   338 | D:1      | Learned a level 2 spell: Searing Ray
   707 | D:1      | Found a faded altar of an unknown god.
   968 | D:1      | Reached XP level 3. HP: 16/16 MP: 3/8
  1527 | D:2      | Found a glowing golden altar of the Shining One.
  1774 | D:2      | Found Ypiphaup's Assorted Antiques.
  1813 | D:2      | Bought a scroll labelled ZIEFEPS TAFF for 28 gold pieces
  1813 | D:2      | Bought a scroll labelled RADWAU GUTU for 28 gold pieces
  2437 | D:3      | Reached XP level 4. HP: 21/21 MP: 2/9
  2751 | D:4      | Noticed a necrophage
  3254 | D:3      | Noticed Jessica
  3261 | D:3      | Killed Jessica
  3305 | D:3      | Found a shimmering blue altar of Sif Muna.
  3551 | D:3      | Reached XP level 5. HP: 20/24 MP: 2/11
  3779 | D:3      | Found a bloodstained altar of Trog.
  3779 | D:3      | Found a glowing silver altar of Zin.
  3981 | D:4      | Noticed an ogre
  3992 | D:4      | Killed an ogre
  3993 | D:4      | Reached XP level 6. HP: 29/29 MP: 7/13
  4676 | D:4      | Reached skill level 5 in Spellcasting
  4897 | D:4      | Found a staircase to the Ecumenical Temple.
  5411 | D:5      | Entered Level 5 of the Dungeon
  5453 | D:5      | Reached skill level 5 in Conjurations
  5453 | D:5      | Reached XP level 7. HP: 32/32 MP: 3/16
  6051 | D:5      | Reached skill level 1 in Short Blades
  6051 | D:5      | Reached skill level 5 in Stealth
  6089 | D:5      | Found a glowing drain.
  6093 | D:5      | Reached skill level 1 in Fighting
  6101 | Sewer    | Entered a sewer
  6274 | Sewer    | Reached XP level 8. HP: 37/37 MP: 13/19
  6437 | Sewer    | Found a white marble altar of Elyvilon.
  6629 | D:5      | Learned a level 2 spell: Ensorcelled Hibernation
  6634 | D:5      | Learned a level 4 spell: Iskenderun's Mystic Blast
  6637 | D:5      | Learned a level 2 spell: Passwall
  6923 | D:5      | Noticed Sigmund
  6958 | D:5      | Killed Sigmund
  7271 | D:6      | Noticed Eustachio
  7403 | D:6      | Killed Eustachio
  7469 | D:6      | Noticed Menkaure
  7475 | D:6      | Killed Menkaure
  7791 | D:6      | Reached XP level 9. HP: 41/41 MP: 16/22
  7843 | D:6      | Reached skill level 5 in Dodging
  9455 | D:8      | Found a blossoming altar of Fedhas.
  9463 | D:8      | Became a worshipper of Fedhas Madash
 10367 | D:9      | Reached skill level 10 in Spellcasting
 10387 | D:9      | Reached * piety under Fedhas
 10874 | D:9      | Reached XP level 10. HP: 46/46 MP: 17/25
 11068 | D:9      | Reached ** piety under Fedhas
 11463 | D:10     | Entered Level 10 of the Dungeon
 11536 | D:10     | Noticed a two-headed ogre
 11536 | D:10     | Noticed a two-headed ogre
 11570 | D:10     | Killed a two-headed ogre
 11627 | D:10     | Killed a two-headed ogre
 11864 | D:10     | Noticed a death yak
 11866 | D:10     | Noticed an elephant
 11958 | D:10     | Killed a death yak
 12089 | D:10     | Found a staircase to the Lair.
 12281 | D:10     | Killed an elephant
 12282 | D:10     | Reached skill level 10 in Stealth
 12474 | D:10     | Reached XP level 11. HP: 51/51 MP: 13/28
 13029 | D:10     | Found a radiant altar of Vehumet.
 13279 | D:10     | Found the +12 pair of quick blades "Gyre" and "Gimble"
                  | {protect}
 13524 | D:11     | Noticed a red ugly thing
 13541 | D:11     | Killed a red ugly thing
 13618 | D:11     | Noticed a tengu warrior
 13636 | D:11     | Killed a tengu warrior
 13847 | D:11     | Noticed a two-headed ogre
 13857 | D:11     | Killed a two-headed ogre
 14064 | D:11     | Reached skill level 5 in Short Blades
 14074 | D:11     | Reached *** piety under Fedhas
 14135 | D:11     | Noticed a six-headed hydra
 14141 | D:11     | Killed a six-headed hydra
 14885 | Lair:1   | Entered Level 1 of the Lair of Beasts
 15003 | Lair:1   | Reached skill level 1 in Translocations
 15017 | Lair:1   | Reached **** piety under Fedhas
 15035 | Lair:1   | Found a frozen archway.
 15051 | IceCv    | Entered an ice cave
 15324 | IceCv    | Reached XP level 12. HP: 37/58 MP: 30/30
 17054 | Lair:2   | Found a staircase to the Snake Pit.
 17895 | Lair:2   | Reached ***** piety under Fedhas
 18269 | Lair:3   | Found a staircase to the Shoals.
 18681 | Lair:3   | Noticed Nergalle
 19056 | Lair:3   | Killed Nergalle
 19057 | Lair:3   | Reached skill level 5 in Fighting
 19057 | Lair:3   | Reached skill level 1 in Shields
 19376 | Lair:3   | Noticed a death yak
 19380 | Lair:3   | Noticed a death yak
 19382 | Lair:3   | Killed a death yak
 19414 | Lair:3   | Killed a death yak
 19432 | Lair:3   | Reached skill level 10 in Dodging
 19613 | Lair:4   | Reached XP level 13. HP: 63/63 MP: 31/31
 20551 | Lair:5   | Entered Level 5 of the Lair of Beasts
 20659 | Lair:5   | Learned a level 4 spell: Fulminant Prism
 20677 | Lair:5   | Found a runed translucent door.
 20678 | Lair:5   | Identified the +1 pair of gloves "Acixor" {+Inv rPois
                  | Int+6}
 20678 | Lair:5   | Identified the +5 spear of Eternal Vigilance {vorpal, rPois
                  | Stlth+}
 20679 | Lair:5   | Noticed Jeban's ghost (journeyman OpFi)
 20959 | Lair:5   | Found a staircase to the Slime Pits.
 21399 | Lair:5   | HP: 2/65 [death yak (20)]
 21404 | Lair:5   | Reached skill level 1 in Invocations
 21771 | Lair:5   | Reached skill level 1 in Hexes
 22217 | Lair:5   | Identified a scroll of acquirement
 22218 | Lair:5   | Acquired the amulet of Summertime {RegenMP Slay+2 Stlth+}
 22433 | Lair:5   | Killed Jeban's ghost
 22439 | Lair:5   | HP: 1/67 [spriggan rider/the +5 spear of Eternal Vigilance
                  | {vorpal, rPois Stlth+} (18)]
 22439 | Lair:5   | Slain by a spriggan rider

Illustrated notes

Levels and vault maps discovered:
D:1:      lemuel_arrival_river_ford, layout_loops_ring,
          dreamdust_ecumenical_altar_grove
D:2:      layout_basic, basic_altar, serial_shops, nicolae_shop_crystal,
          chequers_decorated_corner
D:3:      layout_loops_corners, gammafunk_temple_overflow_pools, tgw_sif
D:4:      cheibrodos_quashed, layout_cave_pods, minmay_temple_entry_wispy,
          serial_rivers, chequers_serial_rivers_large_a,
          chequers_serial_rivers_micro_a, chequers_serial_rivers_micro_b,
          chequers_serial_rivers_large_b, chequers_serial_rivers_micro_c,
          chequers_serial_rivers_micro_e
D:5:      layout_loops_corners, portal_sewer_entry_d, minmay_misc_feat_chi,
          kennysheep_path_1, uniq_sigmund
D:6:      layout_cave_pools, chequers_serial_rivers_small_a, uniq_eustachio,
          uniq_menkaure
D:7:      layout_basic
D:8:      layout_cave_pools, mainiacjoe_overflow_tiny_flanked,
          grunt_decor_junction
D:9:      layout_roguey
D:10:     layout_basic, vehumet_statue, david_lair_generic,
          grunt_decor_one_mirror, nicolae_concentric_dashed_squares_mild,
          hellmonk_guarded_unrand_gyre_and_gimble
D:11:     layout_cave_pods, chequers_mini_garden
Lair:1:   layout_regular_city, serial_rivers, chequers_serial_rivers_micro_e,
          chequers_serial_rivers_micro_c, chequers_serial_rivers_micro_a,
          chequers_serial_rivers_micro_a, portal_ice_cave_entry_ice_simulacra
Lair:2:   layout_roguey, minmay_snake_entry_guardpost_small, serial_forest,
          infiniplex_forest_clump_diagonal, infiniplex_forest_straight_4,
          infiniplex_forest_pool, infiniplex_forest_lined_2,
          infiniplex_forest_lined_ring, infiniplex_forest_straight_2,
          infiniplex_forest_zigzag_1, beast_lair_carwin_9, serial_bayou_shore_b
Lair:3:   layout_roguey, minmay_shoals_entry_lonely_mermaid,
          chequers_serial_rivers_room_a, cheibrodos_lair_caveside_slide,
          infiniplex_staircase_pool_2, uniq_nergalle
Lair:4:   layout_long_grid
Lair:5:   evilmike_catoblepas_cave, layout_long_grid, dpeg_slime_entry_enclosed,
          ebering_ghost_funeral_grove

Skill      XL: |  1  2  3  4  5  6  7  8  9 10 11 12 13 |
---------------+----------------------------------------+-----
Conjurations   | 3 4 5 6 7 8 9 |  9.6
Spellcasting   | 3 4 5 7 8 10 12 13 14 | 14.2
Dodging        | 3 4 5 7 8 10 | 10.9
Stealth        | 4 5 6 7 10 11 13 14 | 14.5
Short Blades   | 1 3 4 6 9 |  9.5
Fighting       | 1 2 3 5 7 |  7.1
Translocations | 1 2 |  2.8
Shields        | 1 2 |  2.1
Invocations    | 1 |  1.6
Hexes          | 1 |  1.9
Evocations     | |  0.8

Action                   |  1- 3 |  4- 6 |  7- 9 | 10-12 | 13-15 || total
-------------------------+-------+-------+-------+-------+-------++-------
Melee: Dagger            |    19 |    11 |    22 |       |       ||    52
       Punch             |       |       |     5 |       |       ||     5
       Short sword       |       |       |    25 |     5 |       ||    30
       Pair of quick bla |       |       |       |   329 |   161 ||   490
 Cast: Magic Dart        |   101 |    84 |   126 |    87 |    22 ||   420
       Searing Ray       |     1 |    15 |    52 |   102 |    23 ||   193
       Iskenderun's Myst |       |       |     1 |     6 |     5 ||    12
       Fulminant Prism   |       |       |       |       |     4 ||     4
Invok: Wall of Briars    |       |       |       |     3 |     3 ||     6
       Grow Ballistomyce |       |       |       |       |     2 ||     2
       Grow Oklob        |       |       |       |       |     1 ||     1
Evoke: Wand              |       |       |       |     2 |     1 ||     3
  Use: Scroll            |       |    11 |     6 |     6 |     4 ||    27
       Potion            |       |       |       |     2 |     1 ||     3
 Stab: Sleeping          |       |       |     9 |    17 |     4 ||    30
       Distracted        |       |       |       |     2 |       ||     2
       Petrified         |       |       |       |       |     2 ||     2
Armor: Robe              |     1 |       |    16 |    28 |     8 ||    53
Dodge: Dodged            |    31 |    22 |   107 |   204 |    59 ||   423
Block: Other             |       |       |       |    19 |    18 ||    37
